AoeStats
← Khirs

Nomad

505038487Analyzed
4v4 RM · 25d ago on Sep 7, 2026· 41m 27s· 8 players
Game mode
Random Map
Map size
231×231
Population
200
Speed
Normal
Resources
Standard
Victory
Conquest
Starting age
Dark Age
Ending age
Imperial Age
RankedLock teamsTeams togetherTeam positionsShared explorationLock speedFull tech treeHidden civsTurbo modeCheats
Victory
Defeat
982
+13
🇹🇼 Celts · Taiwan
981
+13
🇨🇳 Spanish · China
973
+14
🇨🇿 Japanese · Czechia
961
+14
🇹🇷 Italians · Türkiye
1038
-18
🇪🇸 Japanese · Spain
909
-37
🇪🇸 Chinese · Spain
870
-12
🇬🇷 Goths · Greece
866
-11
爺爺使把勁
16:40 Feudal Age
17:18 Double-Bit Axe
23:11 Castle Age
21:33 Fishing Lines
24:28 Wheelbarrow
24:07 Bow Saw
25:16 Stone Mining
26:17 Gillnets
26:40 Gold Mining
27:26 Stone Shaft Mining
28:02 Hand Cart
37:06 Gold Shaft Mining
43:21 Imperial Age
40:56 Fletching
41:47 Bodkin Arrow
瘦死的骆驼比马大
5:49 Loom
15:03 Feudal Age
19:50 Castle Age
19:17 Double-Bit Axe
21:12 Bow Saw
24:34 Husbandry
25:16 Gold Mining
31:14 Gold Shaft Mining
30:30 Stone Mining
32:02 Horse Collar
38:15 Imperial Age
36:21 Wheelbarrow
36:29 Stone Shaft Mining
39:40 Two-Man Saw
38:17 Cavalier
39:08 Bloodlines
40:12 Scale Barding Armor
40:17 Forging
40:43 Hand Cart
41:42 Chain Barding Armor
ldanihel
4:52 Loom
13:32 Feudal Age
18:31 Castle Age
16:21 Double-Bit Axe
16:50 Gold Mining
19:27 Fletching
19:39 Padded Archer Armor
22:28 Bodkin Arrow
26:31 Wheelbarrow
30:02 Bloodlines
29:52 Husbandry
30:12 Leather Archer Armor
31:15 Stone Mining
36:32 Ballistics
39:18 Imperial Age
37:38 Bow Saw
40:38 Parthian Tactics
41:38 Chemistry
41:13 Ring Archer Armor
开局一片田
14:45 Feudal Age
19:31 Castle Age
17:56 Double-Bit Axe
18:14 Fishing Lines
18:30 Gold Mining
20:52 Bow Saw
21:26 Gillnets
25:00 Horse Collar
25:14 Stone Mining
26:33 Wheelbarrow
27:44 Hand Cart
27:38 Loom
31:37 Imperial Age
30:14 Heavy Plow
31:29 Bloodlines
31:20 Husbandry
31:26 Scale Barding Armor
31:32 Forging
32:31 Chain Barding Armor
31:55 Cavalier
32:58 Conscription
34:01 Iron Casting
33:17 Paladin
34:51 Plate Barding Armor
36:34 Blast Furnace
alakerman
14:19 Feudal Age
15:51 Wheelbarrow
17:13 Double-Bit Axe
20:01 Castle Age
18:02 Horse Collar
25:11 Town Watch
25:50 Forging
28:21 Imperial Age
31:48 Scale Barding Armor
36:24 Pikeman
37:05 Squires
37:10 Scale Mail Armor
Khirs
9:25 Loom
19:47 Feudal Age
21:12 Double-Bit Axe
24:24 Horse Collar
24:37 Man-at-Arms
34:21 Forging
34:48 Scale Mail Armor
37:50 Fletching
Çalooo
4:08 Loom
15:00 Feudal Age
20:20 Castle Age
18:59 Gold Mining
19:09 Stone Mining
21:18 Wheelbarrow
20:48 Double-Bit Axe
26:26 Ballistics
28:12 Padded Archer Armor
28:12 Fletching
30:04 Leather Archer Armor
31:34 Bodkin Arrow
39:23 Imperial Age
40:16 Elite Genoese Crossbowman
gabigarna
16:49 Feudal Age
18:13 Wheelbarrow
20:13 Fishing Lines
22:02 Gold Mining
32:19 Castle Age
33:52 Gillnets
34:24 Hand Cart
34:00 Double-Bit Axe
Connection lost

Rejoining the realm…

Still unreachable

The connection could not be restored.

Session expired

The server has moved on; the page needs a fresh start.